 Dungeon Crawl Stone Soup version 0.29-a0-352-g0917bc69df (webtiles) character file.

Game seed: 13118270917491451429

44 siradein the Ducker (level 3, -3/36 HPs)
             Began as a Troll Fighter on Apr 25, 2022.
             Slain by a gnoll
             ... wielding a +0 halberd
              (13 damage)
             ... on level 1 of the Dungeon.
             The game lasted 00:02:49 (1124 turns).

siradein the Ducker (Troll Fighter)                 Turns: 1124, Time: 00:02:49

Health: -3/36      AC:  4    Str: 26    XL:     3   Next: 39%
Magic:  2/2        EV:  8    Int:  4    God:
Gold:   68         SH:  7    Dex:  9    Spells: 2/2 levels left

rFire   . . .      SeeInvis .   a - +0 war axe
rCold   . . .      Faith    .   c - +0 kite shield
rNeg    . . .      Spirit   .   b - +0 robe
rPois   .          Reflect  .   (helmet restricted)
rElec   .          Harm     .   (no cloak)
rCorr   .          Rampage  .   (gloves unavailable)
Will    .....                   (boots unavailable)
Stlth   +.........              (no amulet)
HPRegen 0.92/turn               (no ring)
MPRegen 0.08/turn               (no ring)

@: no status effects
A: large, unfitting armour, claws 3, regeneration 1, shaggy fur 1, tough skin 1
a: no special abilities


You were on level 1 of the Dungeon.
You visited 1 branch of the dungeon, and saw 2 of its levels.

You collected 68 gold pieces.

Inventory:

Hand Weapons
 a - a +0 war axe (weapon)
Armour
 b - a +0 robe (worn)
 c - a +0 kite shield (worn)
Wands
 j - a wand of digging (6)
Scrolls
 e - a scroll of identify {unknown}
 f - 2 scrolls of teleportation
 g - 3 scrolls of fear
 h - a scroll of enchant armour {unknown}
Potions
 d - 2 potions of might
 i - a potion of cancellation {unknown}
 k - 2 potions of curing {unknown}


   Skills:
 + Level 2.8 Fighting
 + Level 2.0 Axes
 + Level 2.8 Dodging
 + Level 2.8 Shields


You had 2 spell levels left.
You didn't know any spells.
Your spell library contained the following spells:

 Spells                   Type           Power      Damage    Failure   Level
 Magic Dart               Conj           0%         1d3       80%         1
 Sting                    Tmut/Pois      0%         1d3       80%         1
 Call Imp                 Summ           0%         N/A       91%         2
 Poisonous Vapours        Pois/Air       0%         N/A       91%         2
 Mephitic Cloud           Conj/Pois/Air  0%         N/A       99%         3
 Olgreb's Toxic Radiance  Pois           0%         N/A       100%        4


Dungeon Overview and Level Annotations

Branches:
Dungeon (2/15)

Altars:


Innate Abilities, Weirdness & Mutations

You are too large for most types of armour.
You have claws for hands.
Your natural rate of healing is unusually fast.
You are covered in fur. (AC +1)
You have tough skin. (AC +1)


Message History

You pick up a book of Minor Magic and begin reading...
You add the spells Magic Dart, Call Imp and Mephitic Cloud to your library.
g - 3 scrolls of fear (gained 1)
You open the door.
There is an open door here.
The gnoll shouts!
There are monsters nearby!
There are monsters nearby!
There are monsters nearby!
There is a stone staircase leading up here.
The gnoll shouts!
You hit the gnoll.
The gnoll is lightly wounded.
The gnoll barely misses you. The gnoll hits you with a +0 flail.
The gnoll hits you from afar with a +0 halberd.
The gnoll shouts!
There is a stone staircase leading up here.
There is a stone staircase leading up here.
The gnoll hits you from afar with a +0 spear!
The gnoll hits you with a +0 halberd!
You climb upwards.
There is a stone staircase leading down here.
You hit the gnoll.
The gnoll is lightly wounded.
The gnoll barely misses you.
You hit the gnoll.
The gnoll is moderately wounded.
The gnoll hits you with a +0 halberd! The gnoll closely misses you.
You are too injured to fight recklessly!
You barely miss the gnoll.
The gnoll is moderately wounded.
The gnoll hits you but does no damage.
You slash the gnoll!
The gnoll is almost dead.
The gnoll barely misses you. The gnoll hits you with a +0 halberd.
* * * LOW HITPOINT WARNING * * *
You hit the gnoll but do no damage.
The gnoll is almost dead.
The gnoll hits you with a +0 halberd!
You die...

####...#........#.............#
......#.......#............####
....#...§≈≈§.÷.##...≈≈≈≈...#
.##.#..≈≈≈≈≈≈......≈≈≈≈≈≈..#
###'#..≈§≈≈≈≈......≈≈≈≈≈≈..#
.......≈§≈≈≈≈......≈≈≈≈≈≈..#
........≈≈≈≈§.##'#..≈≈≈≈...####
.............###.##......#...>#
.....#.......+.<@.'.##...####.#
###'#######..###g##.##.#..# #.# #
#.# #...##+#..##.##.# #.# # #.#
###............##.# #.# # #.#
#.................# #.# #
#.#####.###############.###.#
###'#.......#...........#..##.#
......###.#.#.#########.#..##.###
......# #.#...# #.............


You could see a gnoll.

Vanquished Creatures
  An adder (D:2)
  A worm (D:2)
  A dart slug (D:1)
  2 endoplasms (D:1)
  2 giant cockroaches (D:1)
  A hobgoblin (D:1)
  3 jackals (D:1)
  2 quokkas
  8 ball pythons (D:1)
  5 frilled lizards (D:1)
  A goblin (D:1)
  A kobold (D:1)
  3 rats
31 creatures vanquished.

Notes
Turn   | Place    | Note
-------+----------+-------------------------------------------
     0 | D:1      | siradein the Troll Fighter began the quest for the Orb.
     0 | D:1      | Reached XP level 1. HP: 22/22 MP: 0/0
   126 | D:1      | Found a faded altar of an unknown god.
   226 | D:1      | Reached XP level 2. HP: 29/29 MP: 1/1
   733 | D:1      | Reached XP level 3. HP: 36/36 MP: 2/2
  1124 | D:1      | Slain by a gnoll

Illustrated notes

Levels and vault maps discovered:
D:1:      dpeg_arrival_pits, layout_basic, basic_ecumenical_altar,
          minmay_pentomino_w4
D:2:      layout_basic

Skill      XL: |  1  2 |
---------------+-------+-----
Axes           | 2 |  2.0
Fighting       | |  2.8
Dodging        | |  2.8
Shields        | |  2.8

Action                   || total
-------------------------++-------
Melee: War axe           ||    65
  Use: Scroll            ||     2
Armor: Robe              ||    12
Dodge: Dodged            ||    30
Block: Kite shield       ||    20

Table legend: (Time is in decaauts)
 A = Elapsed time spent in this place.
 B = Non-inter-level travel time spent in this place.
 C = Inter-level travel time spent in this place.
 D = Time resting spent in this place.
 E = Time spent auto-exploring this place.
 F = Levels seen in this place.
 G = Mean time per level.
                   A        B        C        D        E       F      G
               +--------+--------+--------+--------+--------+-----+--------+
         Total |   1160 |   1138 |     22 |     27 |    833 |   2 |  580.0 |
       Dungeon |   1160 |   1138 |     22 |     27 |    833 |   2 |  580.0 |
               +--------+--------+--------+--------+--------+-----+--------+

Top non-repeatable levels by time:
     D:1: 991 daAuts
     D:2: 169 daAuts
